 Dungeon Crawl Stone Soup version 0.27.0-1-g7a089689b8 (webtiles) character file.

Game seed: 4935767997724911957

125164 Lochraine the Fighter (level 16, -9/133 HPs)
             Began as a Mummy Fighter on Aug 5, 2021.
             Was an Initiate of Gozag.
             Mangled by a stone giant (33 damage)
             ... on level 15 of the Dungeon on Aug 6, 2021.
             The game lasted 01:49:07 (25228 turns).

Lochraine the Fighter (Mummy Fighter)              Turns: 25228, Time: 01:49:07

Health: -9/133     AC: 11    Str: 21    XL:     16   Next: 40%
Magic:  16/16      EV: 19    Int:  7    God:    Gozag
Gold:   6357       SH: 13    Dex: 17    Spells: 15/15 levels left

rFire    + . .     SeeInvis .   h - +9 double sword "Hoor" {vorpal, rF+ rN+}
rCold    + + .     Faith    .   c - +0 kite shield
rNeg     + + +     Spirit   .   D - +3 leather armour
rPois    ∞         Reflect  .   K - +2 hat
rElec    .         Harm     .   r - scarf {rC+ rF+}
rCorr    .         Rampage  .   w - +1 pair of gloves
Will     ++...                  S - +0 pair of boots {Stlth+}
Stlth    +++.......             i - amulet of regeneration
HPRegen  1.32/turn              e - +4 ring of evasion
MPRegen  0.15/turn              B - +4 ring of protection

@: corroded, gold aura
A: cold resistance 1, negative energy resistance 3, torment resistance 2, heat
vulnerability 1, in touch with death 1, no potions
a: Renounce Religion, Potion Petition, Call Merchant, Bribe Branch


You were on level 15 of the Dungeon.
You worshipped Gozag.
Gozag was greatly pleased with you.
You visited 5 branches of the dungeon, and saw 25 of its levels.

You collected 8894 gold pieces.
You spent 673 gold pieces at shops.
You paid 1864 gold pieces to Gozag.

Inventory:

Hand Weapons
 a - a +4 scimitar of protection
 b - a +0 hand crossbow
 h - the +9 double sword "Hoor" (weapon) {vorpal, rF+ rN+}
   (You acquired it on level 1 of the Orcish Mines)

   It inflicts extra damage upon your enemies.
   rF:        It protects you from fire.
   rN:        It protects you from negative energy.
 C - a +1 triple sword of electrocution
 N - a +2 falchion of draining
 P - a +2 dagger of electrocution
 Q - the +1 short sword of Expedience {vorpal, *Noise +Rage rElec}
   (You bought it in a shop on level 1 of the Orcish Mines)

   It inflicts extra damage upon your enemies.
   rElec:     It insulates you from electricity.
   +Rage:     It lets you go berserk.
   *Noise:    It may make noises in combat.
Missiles
 d - 184 bolts
 T - a throwing net (quivered)
Armour
 c - a +0 kite shield (worn)
 r - a scarf of resistance (worn)
 w - a +1 pair of gloves (worn)
 D - a +3 leather armour (worn)
 G - a +0 scale mail
 K - a +2 hat (worn)
 S - a +0 pair of boots of stealth (worn)
Jewellery
 e - a +4 ring of evasion (left hand)
 g - a +4 ring of evasion
 i - an amulet of regeneration (around neck)
 v - the ring of Yjoja {MP+9 Str+4}
   (You bought it in a shop on level 2 of the Orcish Mines)

   [ring of magical power]

   Str:       It affects your strength (+4).
   MP:        It affects your magic capacity (+9).
 B - a +4 ring of protection (right hand)
 F - a +4 ring of protection
 L - a ring of protection from fire
 R - a ring of protection from cold
 U - an amulet of reflection
Wands
 m - a wand of flame (25)
 q - a wand of charming (14)
 t - a wand of mindburst (8)
 y - a wand of iceblast (13)
 E - a wand of polymorph (11)
 I - a wand of acid (11)
 V - a wand of digging (5)
Scrolls
 f - 24 scrolls of identify
 j - 6 scrolls of enchant weapon
 k - 7 scrolls of amnesia
 l - a scroll of fear
 n - 5 scrolls of enchant armour
 o - 2 scrolls of immolation
 p - 8 scrolls of teleportation
 s - 2 scrolls of vulnerability
 u - 5 scrolls of noise
 x - 5 scrolls of blinking
 z - a scroll of summoning
 A - a scroll of silence
 J - 2 scrolls of magic mapping
 M - 4 scrolls of fog
 O - a scroll of brand weapon
Miscellaneous
 H - a phial of floods


   Skills:
 - Level 14.0 Fighting
 + Level 13.4 Long Blades
 - Level 1.0 Polearms
 - Level 7.2 Crossbows
 - Level 4.1 Armour
 + Level 7.3 Dodging
 - Level 3.0 Stealth
 + Level 12.5 Shields
 - Level 7.1 Evocations


You had 15 spell levels left.
You didn't know any spells.
Your spell library contained the following spells:

 Spells                   Type           Power      Damage    Failure   Level
 Freeze                   Ice            0%         1d3       58%         1
 Sandblast                Erth           0%         2d4       58%         1
 Sting                    Tmut/Pois      0%         1d3       58%         1
 Corpse Rot               Necr/Air       N/A        N/A       73%         2
 Passwall                 Tmut/Erth      0%         N/A       73%         2
 Poisonous Vapours        Pois/Air       0%         N/A       73%         2
 Frozen Ramparts          Ice            0%         1d2       91%         3
 Ozocubu's Armour         Ice            0%         N/A       91%         3
 Hailstorm                Conj/Ice       0%         3d3       100%        4
 Olgreb's Toxic Radiance  Pois           0%         N/A       100%        4
 Summon Ice Beast         Ice/Summ       0%         N/A       100%        4
 Freezing Cloud           Conj/Ice/Air   0%         6-21      100%        5
 Iskenderun's Battlesphe  Conj           0%         2d6       100%        5
 Lee's Rapid Deconstruct  Erth           0%         3d5*      100%        5
 Metabolic Englaciation   Hex/Ice        0%         N/A       100%        5
 Summon Forest            Summ/Tloc      0%         N/A       100%        5
 Summon Mana Viper        Hex/Summ       0%         N/A       100%        5
 Iron Shot                Conj/Erth      0%         9d1       100%        6
 Shadow Creatures         Summ           N/A        N/A       100%        6
 Simulacrum               Ice/Necr       0%         N/A       100%        6
 Spellforged Servitor     Conj/Summ      0%         N/A       100%        7
 Ice Form                 Ice/Tmut       Unusable   N/A       N/A         4

Dungeon Overview and Level Annotations

Branches:
Dungeon (15/15)            Temple (1/1) D:4            Lair (6/6) D:11
  Swamp (0/4) Lair:4       Spider (0/4) Lair:2        Slime (0/5) Lair:6
    Orc (2/2) D:12            Elf (0/3) Orc:2        Vaults (0/5) D:14
 Depths (1/5) D:15

Altars:
Ashenzari
Cheibriados
Dithmenos
Elyvilon
Fedhas
Gozag
Hepliaklqana
Kikubaaqudgha
Makhleb
Nemelex Xobeh
Okawaru
Qazlal
Ru
Sif Muna
Trog
Uskayaw
Vehumet
Wu Jian
Xom
Yredelemnul
Zin
The Shining One
Beogh

Shops:
D:4 (   D:7 !?!(   Orc:1 (   Orc:2 =*=(**:   Depths:1 ?

Annotations:
D:5 3 runed translucent doors, Hyawatha's ghost, novice GrFE
D:10 3 runed translucent doors, Anothat's ghost, journeyman GnFi
Lair:6 exclusion: 2 oklob plants


Innate Abilities, Weirdness & Mutations

You are immune to poison.
Your flesh is cold resistant. (rC+)
You are immune to negative energy. (rN+++)
You are immune to unholy pain and torment.
You are vulnerable to heat. (rF-)
You are in touch with the powers of death.
You do not drink.


Message History

Your brown ugly thing is splashed with acid.
The acid corrodes your brown ugly thing!
The stone giant completely misses your brown ugly thing.
Something headbutts your brown ugly thing!
Your brown ugly thing is splashed with acid.
Your brown ugly thing seems to be corroded for longer.
Your brown ugly thing barely misses something.
Something pecks your brown ugly thing!
Your brown ugly thing dies!
Aiming: Charm
Press: ? - help, Shift-Dir - straight line, f - stone giant
Aim: a stone giant, quivering large rocks (chance to affect: 18%)
Okay, then.
Okay, then. [a] - 384 gold - heal wounds, curing and magic [b] - 160 gold - heal wounds and curing [c] - 640 gold - heal wounds, curing, resistance, might and haste Purchase which effect?
You feel much better.
You feel better.
Unknown command.
You are too injured to fight recklessly!
You block the stone giant's attack.
You see here 18 gold pieces.
You slash the stone giant!
The stone giant is lightly wounded.
The stone giant hits you!!
* * * LOW HITPOINT WARNING * * *
You slash the stone giant!
The stone giant is moderately wounded.
You block the stone giant's attack.
You slice the stone giant!!
The stone giant is severely wounded.
You hear a horrible gurgling sound!
The stone giant hits you!
* * * LOW HITPOINT WARNING * * *
You slash the stone giant!
The stone giant is almost dead.
The stone giant hits you!!
You die...
Your body crumbles into a pile of gold.

#........## #.........#
#.........# ##..≈≈.
#.......#.##### ....≈P≈.≈
######........########
...≈≈≈P.P
######.#.##.....##...≈≈≈P.≈
#.###..[[...##..≈≈≈≈.≈
#..#..#####).#..≈P≈P.≈
####.@#...#..#..≈≈≈≈.≈
#..Cu>.#).'...♣♣≈.≈
#..#...#..#...≈♣
#..#####..#...≈♣ ##..
.!.##...♣♣ ##.
...##....♣P≈.≈
#######....≈♣≈≈.≈
##..........♣♣P≈.P
###....#......≈♣≈P.≈


You could see a stone giant and a brown ugly thing.

Vanquished Creatures
  A storm dragon (D:13)
  2 very ugly things
  3 fire dragons
  A great orb of eyes (D:14)
  A boulder beetle (D:14)
  5 ogre magi
  2 hydras
  15 two-headed ogres
  11 centaur warriors
  6 catoblepae
  2 death knights
  4 death yaks (Lair:6)
  4 tengu warriors
  A deep elf knight (D:13)
  A fire crab (Lair:4)
  3 skeletal warriors
  A sea snake (Lair:6)
  2 deep trolls (Orc:2)
  A goliath frog (D:14)
  A deep elf archer (D:13)
  2 wizards (D:14)
  2 necromancers
  Pikel (D:9)
  5 deep elf pyromancers
  3 orc knights
  15 cyclopes
  26 ugly things
  A wolf spider (D:14)
  4 orc sorcerers (D:15)
  8 manticores
  9 elephants
  2 black mambas (Lair:5)
  10 cane toads
  A torpor snail (D:14)
  A cane toad (shapeshifter) (D:14)
  A kobold demonologist (D:11)
  3 rime drakes
  4 komodo dragons
  2 yaktaurs (D:14)
  4 efreet
  3 tengu conjurers
  A troll (shapeshifter) (D:13)
  5 meliai (D:14)
  15 trolls
  A merfolk (Lair:3)
  A polar bear (shapeshifter) (D:15)
  A hornet (D:10)
  A tyrant leech (D:14)
  3 polar bears
  7 slime creatures
  13 blink frogs
  2 centaur simulacra
  11 dream sheep
  2 redbacks
  A shadow (D:11)
  A vampire (D:13)
  7 wyverns
  34 yaks
  2 water elementals (D:15)
  3 wraiths
  4 basilisks
  12 vampire mosquitoes
  2 swamp worms (Lair:4)
  5 wargs
  19 water moccasins
  28 orc warriors
  A hornet zombie (D:8)
  An ice beast (D:7)
  A necrophage (D:6)
  24 ogres
  A boggart (D:14)
  A black bear (D:7)
  18 wolves
  15 centaurs
  A phantom (D:5)
  5 kobold brigands
  12 bullfrogs
  A gnoll sergeant (D:9)
  A water moccasin zombie (D:7)
  2 scorpions (D:4)
  2 water moccasin skeletons (D:5)
  3 killer bees (D:11)
  7 wights
  3 electric eels
  3 howler monkeys
  6 centaur zombies
  A bullfrog zombie (D:6)
  2 centaur skeletons
  20 orc priests
  2 gnoll shamans
  A hound (D:5)
  2 jellies (D:6)
  A bullfrog skeleton (D:6)
  6 hell rats (Lair:6)
  5 iguanas
  20 orc wizards
  A hound zombie (D:5)
  17 gnolls
  2 howler monkey skeletons
  9 adders
  A white imp (D:6)
  A dart slug (D:4)
  4 worms
  93 orcs
  5 ball pythons
  8 endoplasms
  2 giant cockroaches
  2 goblins (D:2)
  10 hobgoblins
  10 jackals
  A quokka (D:2)
  5 bats
  8 frilled lizards
  24 kobolds
  A quokka skeleton (D:4)
  5 rats
732 creatures vanquished.

Vanquished Creatures (collateral kills)
  A hydra (D:14)
  A gnoll sergeant (D:7)
  A wyvern skeleton (D:7)
  A gnoll (D:7)
  An orc (D:6)
5 creatures vanquished.

Vanquished Creatures (others)
  A boulder beetle (D:14)
  A hydra (D:13)
  2 dancing weapons (D:14)
  An ugly thing (D:15)
  A wolf spider simulacrum (D:14)
  A vampire (D:14)
  An orc wizard (Orc:2)
  A bush (D:11)
  31 fungi
  120 plants
160 creatures vanquished.

Grand Total: 897 creatures vanquished

Notes
Turn   | Place    | Note
-------+----------+-------------------------------------------
     0 | D:1      | Lochraine the Mummy Fighter began the quest for the Orb.
     0 | D:1      | Reached XP level 1. HP: 18/18 MP: 1/1
   342 | D:1      | Found a faded altar of an unknown god.
   437 | D:1      | Reached XP level 2. HP: 12/24 MP: 2/2
  1298 | D:2      | Reached XP level 3. HP: 17/29 MP: 3/3
  1836 | D:2      | Reached XP level 4. HP: 35/35 MP: 4/4
  2358 | D:3      | Reached XP level 5. HP: 41/41 MP: 5/5
  3050 | D:4      | Found a staircase to the Ecumenical Temple.
  3057 | Temple   | Entered the Ecumenical Temple
  3219 | D:4      | Noticed an ogre
  3232 | D:4      | Killed an ogre
  3233 | D:4      | Reached skill level 4 in Fighting
  3233 | D:4      | Reached XP level 6. HP: 48/48 MP: 6/6
  3498 | D:4      | Found a snail-covered altar of Cheibriados.
  3580 | D:4      | Reached skill level 5 in Long Blades
  3580 | D:4      | Reached XP level 7. HP: 54/54 MP: 7/7
  3660 | D:4      | Found a shimmering blue altar of Sif Muna.
  3775 | D:4      | Found Ufayn's Antique Weapon Boutique.
  4144 | D:5      | Entered Level 5 of the Dungeon
  4274 | D:5      | Found an ornate altar of the Wu Jian Council.
  4312 | D:5      | Found a runed translucent gate.
  4312 | D:5      | Found a runed translucent gate.
  4312 | D:5      | Found a runed translucent gate.
  4319 | D:5      | Noticed Hyawatha's ghost (novice GrFE)
  4379 | D:5      | Reached skill level 1 in Evocations
  4513 | D:5      | Found a sacrificial altar of Ru.
  4514 | D:5      | Found a shadowy altar of Dithmenos.
  4674 | D:5      | Reached XP level 8. HP: 61/61 MP: 8/8
  4914 | D:6      | Found an iron altar of Okawaru.
  5136 | D:6      | Reached skill level 5 in Fighting
  5713 | D:7      | Found Lyesh's Distillery.
  5893 | D:7      | Reached skill level 5 in Shields
  5901 | D:6      | Reached XP level 9. HP: 55/69 MP: 9/9
  6305 | D:7      | Found an opulent altar of Gozag.
  6327 | D:7      | Became a worshipper of Gozag Ym Sagoz the Greedy
  6414 | D:7      | Reached skill level 6 in Fighting
  6468 | D:7      | Reached skill level 1 in Polearms
  6499 | D:7      | Found Qoos's Magic Scroll Shoppe.
  6508 | D:7      | Bought a scroll of teleportation for 36 gold pieces
  6508 | D:7      | Bought a scroll of teleportation for 36 gold pieces
  6508 | D:7      | Bought a scroll of teleportation for 36 gold pieces
  6707 | D:7      | Found a broken altar of Ashenzari.
  6730 | D:7      | Found Riol's Antique Weapon Emporium.
  6739 | D:7      | Bought a glowing scimitar for 182 gold pieces
  6788 | D:7      | Reached skill level 1 in Dodging
  7041 | D:7      | Found Kurreimm's Distillery.
  7622 | D:8      | Reached XP level 10. HP: 77/77 MP: 10/10
  7624 | D:8      | Reached skill level 7 in Fighting
  8396 | D:9      | Found a hazy altar of Hepliaklqana.
  8429 | D:9      | Noticed Pikel
  8437 | D:9      | Killed Pikel
  9158 | D:10     | Entered Level 10 of the Dungeon
  9164 | D:10     | Found a basalt altar of Yredelemnul.
  9220 | D:10     | Found a runed translucent gate.
  9222 | D:10     | Found a runed translucent gate.
  9285 | D:10     | Noticed an elephant
  9299 | D:10     | Banished an elephant
  9300 | D:10     | Reached skill level 8 in Fighting
  9314 | D:10     | Found a runed translucent gate.
  9324 | D:10     | Noticed Anothat's ghost (journeyman GnFi)
  9324 | D:10     | Noticed a two-headed ogre
  9326 | D:10     | Noticed a cyclops
  9353 | D:10     | Noticed a two-headed ogre
  9376 | D:10     | Killed a two-headed ogre
  9399 | D:10     | Noticed an elephant
  9442 | D:10     | Killed an elephant
  9443 | D:10     | Reached XP level 11. HP: 87/87 MP: 11/11
  9445 | D:10     | Found a burning altar of Makhleb.
 10338 | D:10     | Found a burning altar of Makhleb.
 10606 | D:11     | Noticed a two-headed ogre
 10612 | D:11     | Banished a two-headed ogre
 10613 | D:11     | Reached skill level 5 in Dodging
 10648 | D:11     | Reached skill level 9 in Fighting
 10988 | D:11     | Found a staircase to the Lair.
 11403 | Lair:1   | Entered Level 1 of the Lair of Beasts
 12412 | Lair:2   | Reached XP level 12. HP: 78/97 MP: 12/12
 12524 | Lair:2   | Reached skill level 10 in Long Blades
 12716 | Lair:2   | Reached skill level 10 in Fighting
 12953 | Lair:2   | Found a hole to the Spider Nest.
 13124 | Lair:3   | Noticed a six-headed hydra
 13251 | Lair:3   | a six-headed hydra changed into a merfolk
 13436 | Lair:3   | Reached skill level 5 in Evocations
 13532 | Lair:3   | Found a dark tunnel.
 14041 | Lair:4   | Reached skill level 1 in Stealth
 14372 | Lair:4   | Found a staircase to the Swamp.
 15200 | Lair:5   | Gained mutation: You are in touch with the powers of death.
                  | [Mummy growth]
 15200 | Lair:5   | Reached XP level 13. HP: 104/104 MP: 13/13
 15493 | Lair:6   | Entered Level 6 of the Lair of Beasts
 15763 | Lair:6   | Reached skill level 1 in Crossbows
 16104 | Lair:6   | Reached skill level 11 in Fighting
 16534 | Lair:6   | Found a staircase to the Slime Pits.
 16971 | Lair:6   | Reached skill level 10 in Shields
 17845 | D:12     | Noticed a fire dragon
 17845 | D:12     | an eight-headed hydra changed into a fire dragon
 17854 | D:12     | Killed a fire dragon
 17947 | D:12     | Reached XP level 14. HP: 98/114 MP: 14/14
 18047 | D:12     | Found an ancient bone altar of Kikubaaqudgha.
 18283 | D:12     | Found a staircase to the Orcish Mines.
 18875 | D:12     | Reached skill level 12 in Fighting
 18997 | D:13     | Identified a scroll of acquirement
 19048 | D:13     | Identified the +2 leather armour "Qinuwn" {rPois rN+ Int+2}
 19220 | D:13     | Noticed a storm dragon
 19220 | D:13     | a five-headed hydra changed into a storm dragon
 19250 | D:13     | Killed a storm dragon
 19251 | D:13     | Reached skill level 5 in Crossbows
 20121 | Orc:1    | Entered Level 1 of the Orcish Mines
 20522 | Orc:1    | Found Viruanen's Antique Weapon Shoppe.
 20654 | Orc:1    | Bought a dazzling short sword for 248 gold pieces
 20654 | Orc:1    | Identified the +1 short sword of Expedience {vorpal, *Noise
                  | +Rage rElec} (You bought it in a shop on level 1 of the
                  | Orcish Mines)
 20852 | Orc:2    | Entered Level 2 of the Orcish Mines
 20872 | Orc:2    | Found Eped's Book Boutique.
 20915 | Orc:2    | Found Jeabb's Jewellery Shoppe.
 21152 | Orc:1    | Acquired the +9 double sword "Hoor" {vorpal, rF+ rN+}
 21229 | Orc:2    | Found a staircase to the Elven Halls.
 21266 | Orc:2    | Found Puzarr's Antique Weapon Emporium.
 21270 | Orc:2    | Found Kucodueh's Jewellery Shoppe.
 21395 | Orc:2    | Found Daomeixa's Assorted Antiques.
 21399 | Orc:2    | Found Noerih's General Store.
 21491 | Orc:2    | Reached XP level 15. HP: 90/122 MP: 15/15
 21514 | Orc:2    | Found Kies's Assorted Antiques.
 21515 | Orc:2    | Found Ypell's Armour Shop.
 21576 | Orc:2    | Bought a clouded platinum ring for 135 gold pieces
 21576 | Orc:2    | Identified the ring of Yjoja {MP+9 Str+4} (You bought it in
                  | a shop on level 2 of the Orcish Mines)
 22188 | D:14     | Reached skill level 13 in Fighting
 22278 | D:14     | Paralysed by a great orb of eyes for 3 turns
 23044 | D:14     | Paralysed by something for 5 turns
 23295 | D:14     | Found a gate to the Vaults.
 24117 | D:14     | Reached XP level 16. HP: 132/132 MP: 16/16
 24228 | D:15     | Entered Level 15 of the Dungeon
 24397 | D:14     | Reached skill level 14 in Fighting
 25176 | D:15     | Found a staircase to the Depths.
 25205 | Depths:1 | Entered Level 1 of the Depths
 25205 | Depths:1 | Found Gon Ynyrph's Magic Scroll Emporium.
 25228 | D:15     | Mangled by a stone giant

Illustrated notes

Levels and vault maps discovered:
D:1:      nicolae_arrival_washed_ashore, layout_basic,
          shapermc_ecumenical_altar_notcrosses
D:2:      layout_basic, st_stairs_13
D:3:      layout_basic, skrybe_limestone_x
D:4:      layout_gridville, mainiacjoe_overflow_24_doors, cheibriados_altar_1,
          temple_green, serial_shops, shop
D:5:      layout_loops_ring, lemuel_crystal_altar,
          mainiacjoe_overflow_divided_tiny, old_standard_altar,
          gammafunk_ghost_split
D:6:      layout_gridville, okawaru_gym_becter
D:7:      layout_gridville, nicolae_gozag_cash_rules_everything_around_me,
          lemuel_doored_altar, serial_shops, shop_coins, shop,
          nicolae_diamond_shop, nicolae_lakefront_shop, st_stairs_10
D:8:      layout_basic, minmay_unpleasant_kobolds
D:9:      layout_loops_corners, kennysheep_little_box, uniq_pikel
D:10:     wad_woods_stonehenge, layout_layer_cave, kennysheep_mini_moat,
          mainiacjoe_overflow_brackets, gammafunk_ghost_split
D:11:     layout_roguey, minmay_lair_entry_grove
D:12:     layout_roguey, erik_orc_2, nicolae_kikubaaqudgha_miasma_corner
D:13:     kennysheep_ambush_hall, layout_gridville, beargit_elvish_explorers
D:14:     minmay_the_grid_square_5x5_5x5_mashed
          [minmay_the_grid_square_5x5_checkered_statues,
          minmay_the_grid_square_5x5_mess,
          minmay_the_grid_square_5x5_beaten_path,
          minmay_the_grid_square_5x5_three, minmay_the_grid_square_5x5_minibox,
          minmay_the_grid_square_5x5_dogpile,
          minmay_the_grid_square_5x5_prize_pseudospiral,
          minmay_the_grid_square_5x5_hourglass,
          minmay_the_grid_square_5x5_prize_snowflake,
          minmay_the_grid_square_5x5_six, minmay_the_grid_square_5x5_bite,
          minmay_the_grid_square_5x5_meh,
          minmay_the_grid_square_5x5_prize_deathbox,
          minmay_the_grid_square_5x5_eight_small,
          minmay_the_grid_square_5x5_tie, minmay_the_grid_square_5x5_bridge,
          minmay_the_grid_square_5x5_prize_rear_guard,
          minmay_the_grid_square_5x5_detours,
          minmay_the_grid_square_5x5_prize_open,
          minmay_the_grid_square_5x5_doubleslash, minmay_the_grid_square_5x5_z,
          minmay_the_grid_square_5x5_spiral, minmay_the_grid_square_5x5_inset,
          minmay_the_grid_square_5x5_two_walls_a,
          minmay_the_grid_square_5x5_intrusive_squares], layout_irregular_city,
          erik_vaults_1, grunt_ogre_cave
D:15:     grunt_enter_depths_magical_seal, layout_rooms, roderic_lattice_a,
          hangedman_glass_teeth, serial_bayou_lagoon_b
Temple:   cyrus_temple_forest
Lair:1:   layout_regular_city
Lair:2:   layout_regular_city, spider_nest_entry_funnel_web
Lair:3:   layout_gridlike, enter_volcano_4, grunt_megastairs_2
Lair:4:   layout_roguey, minmay_swamp_entry_worms, infiniplex_staircase_pool
Lair:5:   layout_loops_ring, st_stairs_8, lemuel_fruit_fields,
          infiniplex_staircase_pool_2
Lair:6:   evilmike_catoblepas_cave, layout_layer_cave,
          minmay_slime_entry_oklob_open
Orc:1:    layout_caves, serial_shops, shop
Orc:2:    st_orc_open, layout_caves, basic_altar, serial_shops, shop, shop,
          shop, shop
Depths:1: layout_roguey, enter_ziggurat_f, pf_coc_iceberg, kennysheep_donut,
          abyss_entry, serial_shops, shop, shop_statue, nicolae_diamond_shop,
          shop, grunt_pan_entry_in_and_out, hellmonk_bongcloud_opening,
          kennysheep_generic_room_8, firewood_loft, uniq_enchantress

Skill      XL: |  1  2  3  4  5  6  7  8  9 10 11 12 13 14 15 16 |
---------------+-------------------------------------------------+-----
Long Blades    | 2 3 4 5 6 7 8 9 10 11 12 13 | 13.4
Shields        | 3 4 5 6 7 8 9 10 11 12 | 12.5
Fighting       | 4 5 6 8 9 10 11 12 13 14 | 14.0
Evocations     | 1 2 3 4 5 7 |  7.1
Polearms       | 1 |  1.0
Dodging        | 2 4 6 7 |  7.3
Stealth        | 2 3 |  3.0
Crossbows      | 4 6 7 |  7.2
Armour         | 4 |  4.1

Action                   |  1- 3 |  4- 6 |  7- 9 | 10-12 | 13-15 | 16-18 || total
-------------------------+-------+-------+-------+-------+-------+-------++-------
Melee: Long sword        |   108 |   172 |   391 |       |       |       ||   671
       Scimitar          |       |       |    64 |   560 |   855 |       ||  1479
       Spear             |       |       |    34 |       |       |       ||    34
       Dagger            |       |       |       |       |   185 |       ||   185
       Double sword      |       |       |       |       |   553 |   176 ||   729
       Falchion          |       |       |       |       |    49 |       ||    49
 Fire: Hand crossbow     |       |       |       |       |    67 |       ||    67
Throw: Throwing net      |       |       |       |     1 |     1 |       ||     2
Invok: Potion Petition   |       |       |       |     1 |     2 |     2 ||     5
Evoke: Wand              |       |     3 |    13 |     5 |    58 |     5 ||    84
       Phial of floods   |       |       |       |       |     4 |       ||     4
  Use: Scroll            |       |     1 |     5 |    10 |     6 |     1 ||    23
 Stab: Distracted        |       |       |     1 |     1 |    15 |     3 ||    20
       Sleeping          |       |       |       |       |     3 |     3 ||     6
       Held in net/web   |       |       |       |       |     1 |       ||     1
Armor: Scale mail        |    39 |    39 |   114 |    42 |       |       ||   234
       Leather armour    |       |       |       |    81 |   408 |    65 ||   554
Dodge: Dodged            |    52 |   121 |   306 |   280 |   933 |   140 ||  1832
Block: Kite shield       |    54 |    94 |   290 |   298 |   873 |   130 ||  1739
       Rpst.: Long sword |    12 |    32 |    73 |       |       |       ||   117
       Scimitar          |       |       |     6 |    74 |   130 |       ||   210
       Double sword      |       |       |       |       |    59 |    37 ||    96
       Falchion          |       |       |       |       |     4 |       ||     4
